 Dungeon Crawl Stone Soup version 0.16.1-51-g6203257 (webtiles) character file.

135 kae the Cudgeler (level 4, -9/39 HPs)
             Began as a Minotaur Fighter on July 3, 2015.
             Killed from afar by a gnoll (20 damage)
             ... with an exploding inner flame
             ... hexed by the player character
             ... on level 3 of the Dungeon.
             The game lasted 00:02:19 (1739 turns).

kae the Cudgeler (Minotaur Fighter)                 Turns: 1739, Time: 00:02:20

Health: -9/39      AC:  6    Str: 25    XL:     4   Next: 96%
Magic:  2/2        EV:  7    Int:  6    God:
Gold:   136        SH: 10    Dex: 10    Spells: 0 memorised, 3 levels left

rFire  . . .     SeeInvis .     a - +1 flail
rCold  . . .     Clarity  .     b - +0 scale mail
rNeg   . . .     SustAb   .     c - +1 shield
rPois  .         Gourm    .     (helmet restricted)
rElec  .         Spirit   .     (no cloak)
rCorr  .         Warding  .     (no gloves)
rMut   .         Stasis   .     (no boots)
MR     .....                    (no amulet)
Stlth  ..........               (no ring)
                                (no ring)

@: mighty, not resistant to hostile enchantments, extremely unstealthy
A: retaliatory headbutt, horns 2
a: no special abilities


You were on level 3 of the Dungeon.
You were not hungry.

You visited 1 branch of the dungeon, and saw 3 of its levels.

You collected 136 gold pieces.

Inventory:

Hand weapons
 a - a +1 flail (weapon)
Armour
 b - a +0 scale mail (worn)
 c - a +1 shield (worn)
Scrolls
 f - 6 scrolls of identify
 g - a scroll of enchant armour
 n - 2 scrolls of remove curse
 s - a scroll of random uselessness
Potions
 e - a potion of might
 i - a potion of invisibility {unknown}
 j - 2 potions of lignification
 k - a potion of haste {unknown}
Comestibles
 d - 4 bread rations
 l - a meat ration
 o - a beef jerky


   Skills:
 - Level 3.6 Fighting
 * Level 6.3 Maces & Flails
 - Level 3.6 Armour
 - Level 3.6 Shields


You had 3 spell levels left.
You didn't know any spells.

Dungeon Overview and Level Annotations

Branches:
Dungeon (3/15)

Altars:
Kikubaaqudgha
Trog
Zin


Innate Abilities, Weirdness & Mutations

You reflexively headbutt those who attack you in melee.
You have a pair of horns on your head.


Message History

Drink which item? (? for menu, Esc to quit)
You feel better.
You feel less woody.
Your +0 scale mail unmelds from your body.
You block the gnoll's attack.
Drink which item? (? for menu, Esc to quit)
You feel better. The gnoll hits you but does no damage.
The gnoll hits you but does no damage. The gnoll hits you with a spear.
* * * LOW HITPOINT WARNING * * *
The gnoll hits you but does no damage.
You see here a gnoll corpse.
You hit the gnoll.
The gnoll is heavily wounded.
The gnoll completely misses you. You furiously retaliate!
You headbutt the gnoll!
The gnoll explodes!
The fiery explosion engulfs you!
Ouch! That really hurt!
You die...

########### #.........#
#.........####
#....).......#
####......).....#######
#..+...................
#.##...........†........
#.##.........##@.§......
#.##....÷....##g§§......
##....##########K§§......
.'>.......... '...$....
##....####### #........
#....# #........ #....#
#....... ##....# #######
.######


You could see a gnoll (inner flame) and a kobold (inner flame).

Vanquished Creatures
  An orc wizard (D:3)
  2 gnolls (D:3)
  An adder (D:2)
  2 giant mites (D:1)
  2 worms (D:2)
  An orc (D:3)
  3 giant cockroaches
  12 goblins
  3 hobgoblins
  2 jackals (D:3)
  4 kobolds
  A quokka (D:2)
  6 bats
  2 giant geckos
  5 giant newts
  10 rats
57 creatures vanquished.

Notes
Turn   | Place    | Note
--------------------------------------------------------------
     0 | D:1      | kae, the Minotaur Fighter, began the quest for the Orb.
     0 | D:1      | Reached XP level 1. HP: 19/19 MP: 1/1
   108 | D:1      | Reached XP level 2. HP: 26/26 MP: 1/1
   237 | D:1      | Reached skill level 4 in Maces & Flails
   249 | D:1      | Reached XP level 3. HP: 17/31 MP: 2/2
   853 | D:2      | Reached skill level 5 in Maces & Flails
  1043 | D:2      | Reached XP level 4. HP: 36/39 MP: 2/2
  1244 | D:2      | Found a bloodstained altar of Trog.
  1371 | D:2      | Found an ancient bone altar of Kikubaaqudgha.
  1372 | D:2      | Found a glowing silver altar of Zin.
  1704 | D:3      | Reached skill level 6 in Maces & Flails
  1739 | D:3      | Killed from afar by a gnoll

Action                   |  1- 3 |  4- 6 || total
-------------------------+-------+-------++-------
Melee: Flail             |    86 |    51 ||   137
  Use: Scroll            |       |     9 ||     9
       Potion            |       |     4 ||     4
  Eat: Chunk             |       |     3 ||     3
